AoeStats
← Myrmecia

MegaRandom

509726796Analyzed
4v4 RM · 6d ago on Sep 27, 2026· 39m 58s· 8 players
Game mode
Random Map
Map size
Large (8 player)
Population
200
Speed
Normal
Resources
Standard
Victory
Conquest
Starting age
Dark Age
Ending age
Imperial Age
RankedLock teamsTeams togetherTeam positionsShared explorationLock speedFull tech treeHidden civsTurbo modeCheats
Victory
Defeat
🇨🇱 Magyars · Chile
988
+13
🇬🇧 Britons · United Kingdom
940
+15
🇦🇷 Turks · Argentina
939
+15
🇦🇷 Vietnamese · Argentina
920
+16
🇧🇷 Shu · Brazil
1030
-20
🇪🇸 Mongols · Spain
934
-15
🇫🇷 Spanish · France
862
-12
🇨🇳 Varangians · China
851
-12
Dsaidm
6:06 Loom
12:26 Feudal Age
20:50 Castle Age
22:09 Husbandry
22:28 Bloodlines
24:03 Fletching
27:08 Corvinian Army
36:20 Town Watch
36:51 Elite Skirmisher
37:45 Bodkin Arrow
38:12 Padded Archer Armor
Myrmecia
13:29 Feudal Age
17:31 Castle Age
15:17 Horse Collar
15:24 Double-Bit Axe
23:28 Imperial Age
31:06 Bow Saw
32:43 Padded Archer Armor
33:19 Masonry
34:07 Leather Archer Armor
35:58 Wheelbarrow
35:47 Ballistics
37:58 Architecture
gazza17
5:14 Loom
11:47 Feudal Age
12:33 Double-Bit Axe
13:06 Horse Collar
17:46 Castle Age
16:31 Padded Archer Armor
17:28 Fletching
18:03 Crossbowman
20:04 Bow Saw
20:55 Heavy Plow
24:42 Bodkin Arrow
25:02 Leather Archer Armor
25:11 Ballistics
25:17 Gold Mining
27:35 Wheelbarrow
29:52 Forging
31:35 Gold Shaft Mining
33:25 Hand Cart
33:41 Stone Mining
37:20 Imperial Age
34:16 Pikeman
34:57 Squires
34:59 Scale Mail Armor
35:34 Iron Casting
35:23 Heated Shot
37:10 Chain Mail Armor
38:17 Bracer
38:00 Arbalester
39:59 Chemistry
LaRBiaN
3:33 Loom
11:41 Feudal Age
12:13 Double-Bit Axe
12:24 Horse Collar
20:00 Castle Age
18:41 Fletching
18:53 Gold Mining
20:30 Town Watch
21:53 Wheelbarrow
21:51 Bow Saw
21:33 Fishing Lines
22:29 Hand Cart
22:34 Stone Mining
22:57 Gillnets
23:04 Elite Skirmisher
24:10 Bodkin Arrow
24:36 Padded Archer Armor
28:05 Stone Shaft Mining
28:06 Leather Archer Armor
28:13 Medium Warships
32:24 Ballistics
34:46 Imperial Age
36:18 Paper Money
37:15 Scale Barding Armor
38:20 Bracer
40:27 Ring Archer Armor
41:01 Two-Man Saw
40:04 Heavy Plow
X
13:13 Feudal Age
13:58 Horse Collar
14:07 Double-Bit Axe
15:04 Loom
18:20 Castle Age
19:37 Bloodlines
20:08 Bow Saw
23:02 Scale Barding Armor
23:05 Gold Mining
25:51 Wheelbarrow
27:34 Husbandry
28:56 Hand Cart
32:15 Imperial Age
31:46 Town Watch
35:11 Chemistry
34:52 Stone Mining
36:09 Chain Barding Armor
37:04 Pikeman
39:17 Elite Skirmisher
Chicletinho
5:17 Loom
10:33 Feudal Age
11:37 Feudal Age
13:29 Gold Mining
19:27 Castle Age
17:31 Scale Mail Armor
17:34 Padded Archer Armor
17:43 Double-Bit Axe
18:20 Horse Collar
19:13 Fletching
20:16 Crossbowman
22:09 Thumb Ring
22:32 Bodkin Arrow
27:07 Gold Mining
31:13 Gold Shaft Mining
31:30 Heavy Plow
31:44 Bow Saw
35:52 Imperial Age
37:55 Arbalester
40:19 Ballistics
41:00 Chemistry
fer_es_merengue9
7:33 Loom
10:50 Feudal Age
11:20 Double-Bit Axe
20:56 Castle Age
20:02 Bloodlines
22:12 Husbandry
21:33 Light Cavalry
23:17 Scale Mail Armor
27:11 Town Watch
34:13 Gold Mining
35:02 Town Patrol
36:59 Fletching
37:13 Padded Archer Armor
38:16 Gold Shaft Mining
41:00 Imperial Age
39:15 Wheelbarrow
39:05 Stone Mining
40:10 Nomads
GTX-5090
5:21 Loom
11:12 Feudal Age
11:56 Horse Collar
12:04 Double-Bit Axe
13:00 Wheelbarrow
18:53 Castle Age
17:13 Gold Mining
17:21 Stone Mining
20:29 Fletching
22:27 Hand Cart
21:57 Town Watch
22:29 Scale Barding Armor
22:35 Forging
22:25 Murder Holes
23:34 Masonry
24:16 Bloodlines
23:27 Light Cavalry
25:24 Treadmill Crane
26:08 Heavy Plow
32:14 Bodkin Arrow
32:48 Ballistics
32:54 Husbandry
32:23 Vendel Legacy
33:58 Squires
35:07 Chain Barding Armor
39:59 Imperial Age
37:34 Herbal Medicine
37:40 Devotion
37:34 Arson
Connection lost

Rejoining the realm…

Still unreachable

The connection could not be restored.

Session expired

The server has moved on; the page needs a fresh start.